 Dungeon Crawl Stone Soup version 0.18.1-50-g88ac8fd (webtiles) character file.

25 pichaelthompson the Skirmisher (level 2, -1/26 HPs)
             Began as a Draconian Berserker on Oct 26, 2016.
             Was a Believer of Trog.
             Succumbed to an adder's poison
             ... on level 1 of the Dungeon.
             The game lasted 00:05:35 (1068 turns).

pichaelthompson the Skirmisher (DrBe)               Turns: 1068, Time: 00:05:35

Health: -1/26      AC:  5    Str: 19    XL:     2   Next: 82%
Magic:  2/2        EV: 12    Int:  7    God:    Trog [**....]
Gold:   29         SH:  0    Dex: 10    Spells: 0 memorised, 1 level left

rFire  + . .     SeeInvis .     a - +0 mace
rCold  . . .     Gourm    .     (armour unavailable)
rNeg   . . .     Faith    .     (no shield)
rPois  .         Spirit   .     (helmet restricted)
rElec  .         Dismiss  .     l - +0 cloak
rCorr  .         Reflect  .     (no gloves)
SustAt +         Harm     .     (no boots)
MR     .....                    (no amulet)
Stlth  +.........               f - ring of protection from fire
                                d - ring of sustain attributes

@: lethally poisoned (-1 -> -15), exhausted, slowed, very slow, not resistant to
hostile enchantments, very unstealthy
A: unfitting armour, cold-blooded, AC +4
a: Berserk, Trog's Hand, Burn Spellbooks, Renounce Religion


You were on level 1 of the Dungeon.
You worshipped Trog.
Trog was pleased with you.
You were very hungry.

You visited 1 branch of the dungeon, and saw 2 of its levels.

You collected 29 gold pieces.

Inventory:

Hand Weapons
 a - a +0 mace (weapon)
Missiles
 h - 22 stones (quivered)
Armour
 l - a +0 cloak (worn)
Jewellery
 d - a ring of sustain attributes (left hand)
 f - a ring of protection from fire (right hand)
 j - an uncursed ring of sustain attributes
Scrolls
 c - a scroll of identify {unknown}
 e - a scroll of enchant armour {unknown}
 g - a scroll of immolation {unknown}
 i - a scroll of fog {unknown}
 k - a scroll of teleportation {unknown}
Comestibles
 b - a bread ration


   Skills:
 + Level 3.5 Fighting
 + Level 3.4 Maces & Flails
 + Level 3.1 Dodging


You had one spell level left.
You didn't know any spells.

Dungeon Overview and Level Annotations

Branches:
Dungeon (2/15)

Altars:
Yredelemnul


Innate Abilities, Weirdness & Mutations

Your plain brown scales are hard (AC +4).
Your body does not fit into most forms of armour.
You are cold-blooded and may be slowed by cold attacks.


Message History

The giant cockroach barely misses you.
You feel a strong urge to attack something.
* * * LOW HITPOINT WARNING * * *
You feel sick. The bat closely misses you.
You are no longer berserk.
You are exhausted.
You feel yourself slow down.
You are feeling very hungry.
* * * LOW HITPOINT WARNING * * *
You feel sick. The bat hits you but does no damage.
There is a stone staircase leading up here.
* * * LOW HITPOINT WARNING * * *
You feel sick. The bat hits you.
* * * LOW HITPOINT WARNING * * *
The adder bites you but does no damage. The giant cockroach closely misses you.
The giant cockroach bites you.
* * * LOW HITPOINT WARNING * * *
The adder barely misses you.
You climb upwards.
You die...

#.......#.######
##.............#
#.#####.#####.# #.# #.# #.#
#.# #.# #.# #####.#
#.#####(########## .รท....#
#.#..............# #####.#
#....)S.########.# #.#
###.##@s# #.# #.# #.##..#
####.# #.# #.##..# #....# #.#
#.##..#####....##
#####.#######.##............#
..................###.......#
####..........##### #.......#
##.######### #.#...### #.#
#.#...#


You could see an adder and a giant cockroach.

Vanquished Creatures
  A dart slug (D:1)
  3 giant geckos (D:1)
  A giant cockroach (D:1)
  3 goblins (D:1)
  3 hobgoblins (D:1)
  2 kobolds (D:1)
  2 bats (D:1)
  A giant newt (D:1)
  3 rats (D:1)
19 creatures vanquished.

Notes
Turn   | Place    | Note
--------------------------------------------------------------
     0 | D:1      | pichaelthompson the Draconian Berserker began the quest for the Orb.
     0 | D:1      | Reached XP level 1. HP: 19/19 MP: 1/1
   219 | D:1      | Reached XP level 2. HP: 22/26 MP: 2/2
   895 | D:1      | Reached ** piety under Trog
  1051 | D:2      | Found a basalt altar of Yredelemnul.
  1068 | D:1      | Succumbed to an adder's poison

Skill      XL: |  1  2 |
---------------+-------+-----
Dodging        | 3 |  3.1
Fighting       | |  3.5
Maces & Flails | |  3.4

Action                   || total
-------------------------++-------
Melee: Mace              ||    81
       Tailslap          ||     3
Invok: Berserk           ||     1
Armor: Skin              ||    38
Dodge: Dodged            ||    97
